Map: Lightshade LE

Players

goblin

  • Race: Protoss Protoss

Strange - Winner!

  • Race: Protoss Protoss

Event: DreamHack SC2 Masters 2021 Fall

VOD

Have the link to the VOD?

Description

Time

  • Played on: July 30, 2021, 10:55 a.m.
  • Length: 9:57

All games in this series

Show
View Real Time Build Order
Export as new Build Order

goblin Protoss 

Build Orders: Oracle Opening 

Get SALT Encoding   

  12  0:00  Probe  
  13  0:12  Probe  
  14  0:17  Pylon  
  14  0:24  Probe (Chrono Boost)  
  15  0:36  Gateway  
  15  0:37  Probe (Chrono Boost)  
  16  0:45  Probe (Chrono Boost)  
  16  0:46  Assimilator  
  17  0:51  Probe  
  17  0:54  Assimilator  
  18  1:03  Probe (Chrono Boost)  
  19  1:08  Gateway  
  19  1:13  Probe (Chrono Boost)  
  20  1:18  Probe (Chrono Boost)  
  20  1:24  Cybernetics Core  
  21  1:29  Probe  
  22  1:37  Pylon  
  22  1:41  Probe  
  23  1:55  Probe  
  24  2:02  Stalker  
  24  2:03  Warp Gate (Chrono Boost)  
  24  2:04  Stalker  
  24  2:07  Probe  
  29  2:13  Pylon  
  29  2:30  Stargate  
  29  2:35  Stalker  
  31  2:38  Stalker  
  33  3:11  Oracle (Chrono Boost)  
  33  3:12  Nexus  
  33  3:18  Pylon  
  36  3:29  Shield Battery  
  36  3:44  Stalker x2  
  40  3:49  Oracle  
  43  3:57  Probe  
  44  4:10  Probe  
  44  4:12  Pylon  
  45  4:24  Probe  
  44  4:26  Probe  
  44  4:27  Twilight Council  
  44  4:29  Shield Battery  
  45  4:36  Probe  
  46  4:41  Probe (Chrono Boost)  
  47  4:48  Probe (Chrono Boost)  
  48  4:53  Probe (Chrono Boost)  
  48  4:54  Stalker  
  48  4:55  Stalker  
  48  4:59  Probe (Chrono Boost)  
  54  5:01  Probe (Chrono Boost)  
  54  5:03  Probe (Chrono Boost)  
  56  5:09  Probe  
  54  5:14  Oracle  
  54  5:15  Probe  
  54  5:16  Blink (Chrono Boost)  
  56  5:21  Probe  
  56  5:28  Probe  
  58  5:31  Assimilator  
  58  5:33  Probe  
  59  5:38  Gateway  
  59  5:40  Probe  
  60  5:45  Probe  
  60  5:46  Stalker x2  
  60  5:48  Pylon  
  65  5:52  Probe  
  66  5:59  Nexus  
  66  6:08  Forge  
  66  6:11  Shield Battery  
  66  6:18  Stalker x2  
  71  6:32  Probe  
  71  6:33  Probe  
  71  6:35  Gateway  
  71  6:37  Gateway  
  71  6:38  Gateway, Stalker  
  71  6:39  Protoss Ground Weapons Level 1 (Chrono Boost)  
  74  6:40  Pylon  
  74  6:44  Stalker  
  76  6:51  Stalker  
  78  6:57  Charge (Chrono Boost)  
  73  7:01  Probe x2  
  73  7:07  Stalker  
  76  7:09  Stalker  
  76  7:12  Photon Cannon  
  81  7:15  Probe (Chrono Boost)  
  81  7:20  Probe x2 (Chrono Boost)  
  81  7:25  Probe (Chrono Boost), Robotics Facility  
  81  7:28  Probe x2 (Chrono Boost)  
  84  7:34  Probe  
  85  7:39  Probe  
  85  7:42  Probe  
  85  7:44  Assimilator  
  85  7:45  Assimilator  
  85  7:46  Probe  
  85  7:47  Pylon  
  86  7:54  Templar Archives  
  86  7:56  Photon Cannon, Probe x2  
  86  7:57  Pylon  
  88  7:59  Stalker x2  
  88  8:01  Probe  
  93  8:08  Probe  
  93  8:10  Assimilator  
  94  8:17  Gateway x2  
  94  8:19  Warp Prism  
  96  8:21  Stalker  
  96  8:22  Stalker  
  100  8:44  Pylon  
  100  8:45  Pylon x2  
  100  8:53  Zealot x5  
  106  8:58  Pylon  
  106  8:59  Shield Battery  
  106  9:05  Zealot  
  102  9:13  High Templar x6  
  106  9:17  Archon x3  
  106  9:19  Zealot  
  101  9:31  Shield Battery  
  101  9:33  Pylon  
  101  9:37  Zealot  
  90  9:45  Zealot x6  
  90  9:46  Zealot  
Show
View Real Time Build Order
Export as new Build Order

Strange Protoss - Winner!

Build Orders: Phoenix Opening 

Get SALT Encoding   

  12  0:00  Probe  
  13  0:12  Probe  
  14  0:17  Pylon  
  14  0:24  Probe (Chrono Boost)  
  15  0:37  Probe (Chrono Boost)  
  15  0:39  Gateway  
  16  0:43  Probe (Chrono Boost)  
  16  0:46  Assimilator  
  17  0:51  Probe  
  17  0:54  Assimilator  
  18  1:03  Probe (Chrono Boost)  
  19  1:07  Gateway  
  19  1:13  Probe (Chrono Boost)  
  19  1:18  Probe (Chrono Boost)  
  21  1:26  Cybernetics Core  
  21  1:29  Probe  
  22  1:32  Pylon  
  22  1:41  Probe  
  23  1:53  Probe  
  24  2:02  Warp Gate, Stalker x2  
  24  2:05  Probe  
  29  2:14  Pylon  
  29  2:23  Probe  
  29  2:27  Pylon  
  30  2:33  Sentry  
  30  2:35  Sentry  
  34  2:53  Probe  
  34  2:54  Nexus  
  35  2:59  Sentry  
  35  3:01  Shield Battery  
  35  3:05  Probe  
  38  3:06  Phoenix  
  38  3:10  Pylon  
  38  3:17  Probe (Chrono Boost)  
  39  3:25  Twilight Council  
  39  3:30  Probe (Chrono Boost)  
  40  3:34  Probe (Chrono Boost)  
  40  3:39  Forge  
  41  3:45  Probe  
  42  3:54  Adept x2  
  46  3:58  Probe  
  46  4:01  Shield Battery  
  46  4:15  Stalker x2  
  49  4:23  Probe  
  49  4:24  Probe  
  48  4:30  Protoss Ground Weapons Level 1 (Chrono Boost)  
  48  4:35  Probe  
  48  4:36  Probe  
  48  4:47  Probe  
  48  4:48  Probe  
  48  4:50  Stalker  
  50  4:53  Stalker  
  50  4:55  Blink (Chrono Boost)  
  50  4:59  Probe  
  53  5:00  Probe  
  53  5:11  Probe  
  53  5:12  Probe  
  54  5:23  Probe, Robotics Facility  
  54  5:24  Probe  
  54  5:25  Assimilator  
  56  5:35  Probe  
  57  5:36  Gateway x2, Probe  
  57  5:37  Pylon  
  58  5:44  Gateway  
  58  5:45  Gateway  
  58  5:47  Probe  
  59  5:53  Probe  
  60  5:57  Pylon  
  60  5:59  Probe  
  60  6:02  Pylon  
  61  6:05  Probe  
  61  6:09  Stalker  
  64  6:11  Probe  
  66  6:18  Observer  
  66  6:21  Protoss Ground Weapons Level 2 (Chrono Boost)  
  66  6:22  Stalker  
  68  6:32  Stalker x3  
  73  6:41  Pylon  
  73  6:46  Nexus  
  73  6:52  Probe x2  
  75  6:59  Immortal (Chrono Boost)  
  75  7:04  Probe x2  
  75  7:07  Shield Battery  
  81  7:10  Charge (Chrono Boost)  
  81  7:13  Pylon, Sentry  
  83  7:16  Probe  
  83  7:18  Probe  
  85  7:26  Stalker x2  
  88  7:32  Stalker x2  
  88  7:35  Observer  
  90  7:42  Warp Prism  
  90  7:44  Probe x2  
  94  7:52  Sentry  
  94  7:53  Stalker  
  98  7:59  Photon Cannon x2  
  98  8:03  Stalker  
  100  8:10  Zealot  
  100  8:11  Zealot  
  104  8:18  Stalker x2  
  108  8:28  Gateway  
  108  8:29  Gateway  
  108  8:42  Stalker x4  
  108  8:45  Pylon  
  108  8:47  Pylon  
  116  9:05  Zealot x6  
  128  9:26  Zealot x3  
  128  9:30  Stalker  
  132  9:32  Pylon  
  132  9:33  Pylon  
  132  9:42  Stalker x2  

Tags
 
Add a new tag
Caveats
  • Supply blocks, unpowered buildings, or Contaminate may cause inaccurate times.
  • Supply counts are checked every 10 seconds.